[Event "Turkish Second League 2019"]
[Site "Konya"]
[Date "2019.07.25"]
[Round "6"]
[White "Ozbek, Busra"]
[Black "Goksu, Beyza"]
[Result "1-0"]
[ECO "A48"]
[WhiteElo "1866"]
[BlackElo "1107"]
[Annotator "NA"]
[PlyCount "75"]
[EventDate "2019.07.22"]
[EventType "team-tourn"]
[EventCountry "TUR"]
[SourceTitle "playchess.com"]
[Source "ChessBase"]
[SourceQuality "1"]
[TimeControl "5400+30"]

1. d4 Nf6 2. Nf3 g6 3. Bg5 Bg7 4. Nbd2 d6 5. e4 Nbd7 6. c3 O-O 7. Be2 b6 8. O-O Bb7 9. Qc2 c5 10. d5 e6 11. dxe6 fxe6 12. Qb3 Qe8 13. Bxf6 Nxf6 14. Bb5 Qe7 15. Rfe1 Kh8 16. e5 dxe5 17. Nxe5 Bd5 18. c4 Bb7 19. Qh3 Nh5 20. Qe3 Nf4 21. f3 Bxe5 22. Qxe5+ Kg8 23. Re3 Rf5 24. Qc3 Rg5 25. g3 Nh5 26. Kf2 Ng7 27. Rae1 Rf8 28. Ba4 Rgf5 29. Bc2 R5f6 30. Ke2 Qf7 31. f4 Nf5 32. Re5 Nd4+ 33. Kd1 Nxc2 34. Kxc2 Bc8 35. Ne4 Rf5 36. Nd6 Rxe5 37. Nxf7 Rxe1 38. Nh6# 1-0

[Event "Turkish Second League 2019"]
[Site "Konya"]
[Date "2019.07.25"]
[Round "6"]
[White "Ozcan, Kadir Kutay"]
[Black "Ozcoban, Kadir"]
[Result "1-0"]
[ECO "C77"]
[WhiteElo "1832"]
[BlackElo "1850"]
[Annotator "NA"]
[PlyCount "89"]
[EventDate "2019.07.22"]
[EventType "team-tourn"]
[EventCountry "TUR"]
[SourceTitle "playchess.com"]
[Source "ChessBase"]
[SourceQuality "1"]
[TimeControl "5400+30"]

1. e4 e5 2. Nf3 Nc6 3. Bb5 a6 4. Ba4 Nf6 5. Bxc6 dxc6 6. d3 Bg4 7. h3 Bxf3 8. Qxf3 Nd7 9. Nd2 Bc5 10. Nf1 Qe7 11. a3 O-O-O 12. Be3 g6 13. b4 Bd4 14. Bxd4 exd4 15. Nd2 c5 16. Rb1 cxb4 17. axb4 Rhf8 18. O-O f5 19. Qe2 f4 20. f3 Ne5 21. b5 axb5 22. Rxb5 b6 23. Rfb1 Kd7 24. Nc4 Nxc4 25. dxc4 Qa3 26. c5 Qe3+ 27. Kf1 Qxe2+ 28. Kxe2 bxc5 29. Rxc5 Kd6 30. Rc4 Rb8 31. Rxd4+ Ke6 32. Rbd1 Rb2 33. Rc4 Rc8 34. Rd5 c6 35. Rd3 Rb1 36. Kf2 Rb2 37. g3 fxg3+ 38. Kxg3 Rb1 39. Rcd4 Rg1+ 40. Kf2 Rh1 41. Kg2 Rc1 42. Rd2 Ke5 43. Rd7 h5 44. R7d6 Rxc2 45. f4+ 1-0

[Event "Turkish Second League 2019"]
[Site "Konya"]
[Date "2019.07.25"]
[Round "6"]
[White "Ozkurt, Kutay"]
[Black "Ekici, Emre"]
[Result "1/2-1/2"]
[ECO "B36"]
[WhiteElo "1824"]
[BlackElo "1697"]
[Annotator "NA"]
[PlyCount "63"]
[EventDate "2019.07.22"]
[EventType "team-tourn"]
[EventCountry "TUR"]
[SourceTitle "playchess.com"]
[Source "ChessBase"]
[SourceQuality "1"]
[TimeControl "5400+30"]

1. e4 c5 2. Nf3 g6 3. c4 Nc6 4. d4 cxd4 5. Nxd4 Nf6 6. Nc3 d6 7. Be2 Nxd4 8. Qxd4 Bg7 9. Bg5 Qa5 10. Qd2 Be6 11. Rc1 Rc8 12. b3 O-O 13. O-O a6 14. a4 Rfe8 15. Rfd1 Nd7 16. Nd5 Qxd2 17. Rxd2 Bxd5 18. exd5 Nc5 19. Ra2 Nxb3 20. Rb1 Nc5 21. Be3 Rc7 22. Bxc5 dxc5 23. Bf3 Bc3 24. Re2 Bb4 25. Rd1 Rd7 26. Rd3 Red8 27. Rde3 Kf8 28. Bg4 Rc7 29. Bf3 Rb8 30. Re4 b5 31. axb5 axb5 32. g3 1/2-1/2

[Event "Turkish Second League 2019"]
[Site "Konya"]
[Date "2019.07.25"]
[Round "6"]
[White "Ucucu, Salih"]
[Black "Alaoglu, Niyazi Bekirhan"]
[Result "1-0"]
[ECO "B12"]
[WhiteElo "1819"]
[BlackElo "1769"]
[Annotator "NA"]
[PlyCount "97"]
[EventDate "2019.07.22"]
[EventType "team-tourn"]
[EventCountry "TUR"]
[SourceTitle "playchess.com"]
[Source "ChessBase"]
[SourceQuality "1"]
[TimeControl "5400+30"]

1. e4 c6 2. d4 d5 3. e5 c5 4. dxc5 Nc6 5. Nf3 e6 6. Bd3 Bxc5 7. O-O Qc7 8. Bf4 Nge7 9. Nc3 a6 10. Bg3 Nb4 11. Rc1 Ng6 12. a3 Nc6 13. Re1 b5 14. h4 Nge7 15. Qd2 h6 16. Ne2 Bb7 17. b4 Ba7 18. c3 Nc8 19. Nf4 g6 20. Nd4 N8e7 21. Qe2 Bxd4 22. cxd4 Qb6 23. Red1 Kd7 24. Bb1 Rac8 25. Qb2 a5 26. Nd3 axb4 27. Nc5+ Kc7 28. axb4 Ra8 29. Bd3 Nf5 30. Bf1 Kd8 31. Nxb7+ Qxb7 32. Rc5 Ra6 33. Bxb5 Rb6 34. Bxc6 Rxc6 35. b5 Rxc5 36. dxc5 Nxg3 37. fxg3 Kc7 38. Rf1 Kb8 39. c6 Qb6+ 40. Kh2 Rc8 41. Qe2 Rc7 42. Ra1 Ra7 43. Rxa7 Qxa7 44. Qf1 Qc7 45. Qf2 g5 46. h5 g4 47. Qc5 f6 48. b6 Qc8 49. Qd6+ 1-0

[Event "Turkish Second League 2019"]
[Site "Konya"]
[Date "2019.07.25"]
[Round "6"]
[White "Kara, Gulce Nehir"]
[Black "Aksoy, Ayca"]
[Result "1/2-1/2"]
[ECO "B04"]
[WhiteElo "1767"]
[BlackElo "1914"]
[Annotator "NA"]
[PlyCount "118"]
[EventDate "2019.07.22"]
[EventType "team-tourn"]
[EventCountry "TUR"]
[SourceTitle "playchess.com"]
[Source "ChessBase"]
[SourceQuality "1"]
[TimeControl "5400+30"]

1. e4 Nf6 2. e5 Nd5 3. d4 d6 4. c4 Nb6 5. exd6 cxd6 6. Nf3 g6 7. Be3 Bg7 8. Nc3 Nc6 9. h3 O-O 10. Qd2 d5 11. c5 Nc4 12. Bxc4 dxc4 13. O-O Bf5 14. b3 Bd3 15. Rfd1 e6 16. bxc4 Bxc4 17. Bh6 Qa5 18. Bxg7 Kxg7 19. Qb2 Qb4 20. Rab1 Qxb2 21. Rxb2 Rab8 22. Rdb1 Bd3 23. Rd1 Bc4 24. Rdb1 Bd3 25. Rd1 Ba6 26. Ne5 Rfd8 27. Nxc6 bxc6 28. Rxb8 Rxb8 29. Rb1 Rxb1+ 30. Nxb1 Kf6 31. Nc3 e5 32. d5 cxd5 33. Nxd5+ Kg7 34. Ne7 Kf6 35. Nc6 Ke6 36. Nxa7 Kd7 37. a4 Kc7 38. Nb5+ Kc6 39. Nd6 f5 40. Nf7 e4 41. Ng5 h5 42. Ne6 Bc4 43. Nf4 Bf7 44. h4 Kxc5 45. Kf1 Kb4 46. Ke2 Kxa4 47. Ke3 Kb3 48. g3 Kc4 49. Ng2 Kd5 50. Nf4+ Ke5 51. Nh3 Be8 52. Ng5 Ba4 53. Nh3 Bd1 54. Nf4 Kf6 55. Nd5+ Ke6 56. Nc3 Bb3 57. Kf4 Kf6 58. Ne2 Bc4 59. Nd4 Bd5 1/2-1/2

[Event "Turkish Second League 2019"]
[Site "Konya"]
[Date "2019.07.25"]
[Round "6"]
[White "Acar, Cengiz Can"]
[Black "Tofan, Ibrahim"]
[Result "0-1"]
[ECO "D02"]
[WhiteElo "1756"]
[BlackElo "2043"]
[Annotator "NA"]
[PlyCount "136"]
[EventDate "2019.07.22"]
[EventType "team-tourn"]
[EventCountry "TUR"]
[SourceTitle "playchess.com"]
[Source "ChessBase"]
[SourceQuality "1"]
[TimeControl "5400+30"]

1. d4 d5 2. Bf4 c6 3. Nf3 Bf5 4. e3 Qb6 5. Qc1 Nf6 6. h3 h6 7. Be2 Nbd7 8. O-O e6 9. c4 g5 10. Bh2 g4 11. hxg4 Nxg4 12. Bg3 Be7 13. Nc3 Qd8 14. cxd5 exd5 15. Ne5 Ngxe5 16. dxe5 Rg8 17. e4 dxe4 18. Qf4 Be6 19. Nxe4 Qb6 20. Bh4 Bd5 21. Bf3 Bxe4 22. Qxe4 Qb4 23. Qxb4 Bxb4 24. Bg3 O-O-O 25. a3 Bc5 26. Bf4 Rde8 27. Rfd1 Nxe5 28. Bxe5 Rxe5 29. b4 Bb6 30. Rd6 Rd8 31. Rxh6 Rd2 32. Rf1 Ra2 33. Rf6 Re7 34. Bh5 Rxa3 35. Rxf7 Rxf7 36. Bxf7 Rd3 37. Kh2 Kd8 38. f4 Rd4 39. g4 Bc7 40. Kg3 Ke7 41. Bg8 Kf6 42. g5+ Kg7 43. Be6 Rxb4 44. Kg4 a5 45. Kh5 Bxf4 46. Bc8 a4 47. Rd1 a3 48. Rd7+ Kf8 49. g6 Rb5+ 50. Kg4 Bh6 51. Rf7+ Ke8 52. Bxb7 Rg5+ 53. Kh3 Rxg6 54. Rf2 Rd6 55. Rc2 Kd7 56. Kg3 Bg7 57. Ba6 Rd4 58. Ra2 Ra4 59. Bd3 Bb2 60. Kf3 Kd6 61. Ke3 Ke5 62. Bc2 Rd4 63. Ke2 c5 64. Ke3 c4 65. Ke2 Kf4 66. Ba4 c3 67. Bb3 Rd2+ 68. Ke1 Ke3 0-1

[Event "Turkish Second League 2019"]
[Site "Konya"]
[Date "2019.07.25"]
[Round "6"]
[White "Ozsayin, Elif"]
[Black "Guclu, Yagmur"]
[Result "1-0"]
[ECO "D02"]
[WhiteElo "1642"]
[BlackElo "1516"]
[Annotator "NA"]
[PlyCount "87"]
[EventDate "2019.07.22"]
[EventType "team-tourn"]
[EventCountry "TUR"]
[SourceTitle "playchess.com"]
[Source "ChessBase"]
[SourceQuality "1"]
[TimeControl "5400+30"]

1. d4 d5 2. Nf3 Nf6 3. g3 e6 4. Bg2 c5 5. e3 Nc6 6. O-O Bd6 7. b3 O-O 8. Bb2 Bd7 9. Nbd2 Rc8 10. Ne5 a6 11. Nxd7 Nxd7 12. c4 cxd4 13. exd4 Nf6 14. Qe2 Re8 15. f4 Bc7 16. Rad1 Bb6 17. c5 Bc7 18. a3 a5 19. Bc3 Qd7 20. b4 axb4 21. axb4 Na7 22. Nf3 Qb5 23. Qe3 Ne4 24. Be1 Ra8 25. Ne5 f5 26. g4 Rf8 27. gxf5 exf5 28. Qb3 Rad8 29. Rf3 Qe8 30. Bf1 Nf6 31. b5 b6 32. Ra1 Nc8 33. Bb4 Ne7 34. Ra7 Rc8 35. Qa3 Ne4 36. cxb6 Bxe5 37. dxe5 Rf7 38. Rxe7 Rxe7 39. Bxe7 Nd2 40. Bd6 Nxf3+ 41. Qxf3 Qf7 42. Bg2 Rc1+ 43. Kf2 Rc2+ 44. Ke1 1-0

[Event "Turkish Second League 2019"]
[Site "Konya"]
[Date "2019.07.25"]
[Round "6"]
[White "Ozaltun, Ecem"]
[Black "Ayazmali, Gizem"]
[Result "1/2-1/2"]
[ECO "A84"]
[WhiteElo "1551"]
[BlackElo "1767"]
[Annotator "NA"]
[PlyCount "80"]
[EventDate "2019.07.22"]
[EventType "team-tourn"]
[EventCountry "TUR"]
[SourceTitle "playchess.com"]
[Source "ChessBase"]
[SourceQuality "1"]
[TimeControl "5400+30"]

1. d4 f5 2. c4 e6 3. Nc3 Nf6 4. g3 Bb4 5. Bd2 O-O 6. Bg2 d6 7. a3 Bxc3 8. Bxc3 Nbd7 9. e3 Ne4 10. Ne2 Ndf6 11. f3 Nxc3 12. Nxc3 Qe8 13. O-O e5 14. dxe5 dxe5 15. Nd5 Qf7 16. Nxf6+ Qxf6 17. Qd5+ Kh8 18. Rfd1 h5 19. b4 h4 20. Kf2 c6 21. Qd2 Be6 22. Qc3 Rae8 23. Rd2 f4 24. exf4 exf4 25. Qxf6 Rxf6 26. Rd4 h3 27. Bf1 fxg3+ 28. Kxg3 Ref8 29. Rh4+ Kg8 30. Bxh3 Rxf3+ 31. Kg2 Bxh3+ 32. Rxh3 Rxh3 33. Kxh3 Rf3+ 34. Kg2 Rc3 35. c5 Kh7 36. Ra2 Kg6 37. Kf1 Kf5 38. Rf2+ Ke6 39. Re2+ Kf6 40. Rf2+ Ke5 1/2-1/2

[Event "Turkish Second League 2019"]
[Site "Konya"]
[Date "2019.07.25"]
[Round "6"]
[White "Ilkbahar, Nimet Seray"]
[Black "Ozturk, Ecem"]
[Result "1/2-1/2"]
[ECO "C45"]
[WhiteElo "1531"]
[BlackElo "1268"]
[Annotator "NA"]
[PlyCount "49"]
[EventDate "2019.07.22"]
[EventType "team-tourn"]
[EventCountry "TUR"]
[SourceTitle "playchess.com"]
[Source "ChessBase"]
[SourceQuality "1"]
[TimeControl "5400+30"]

1. e4 e5 2. Nf3 Nc6 3. Nc3 Nf6 4. Be2 Be7 5. d4 exd4 6. Nxd4 Nxd4 7. Qxd4 d6 8. O-O O-O 9. Bf4 Bd7 10. Rad1 Bc6 11. Qe3 Nd7 12. Qg3 Bf6 13. Bd2 Qe7 14. Bd3 Rfe8 15. Rfe1 Bh4 16. Qh3 Ne5 17. Nd5 Qd8 18. Be2 Bd7 19. Qb3 Bc6 20. Qh3 Bd7 21. Qb3 Bc6 22. Qh3 Bd7 23. Qb3 Bc6 24. Qh3 Bd7 25. Ra1 1/2-1/2

[Event "Turkish Second League 2019"]
[Site "Konya"]
[Date "2019.07.25"]
[Round "6"]
[White "Aydemir, Sermin Naz"]
[Black "Mustu, Hatice Asli"]
[Result "1-0"]
[ECO "B84"]
[WhiteElo "1491"]
[BlackElo "1679"]
[Annotator "NA"]
[PlyCount "89"]
[EventDate "2019.07.22"]
[EventType "team-tourn"]
[EventCountry "TUR"]
[SourceTitle "playchess.com"]
[Source "ChessBase"]
[SourceQuality "1"]
[TimeControl "5400+30"]

1. e4 c5 2. Nf3 e6 3. d4 cxd4 4. Nxd4 a6 5. Be3 Nf6 6. Nc3 d6 7. Be2 Nbd7 8. O-O Qc7 9. f4 b5 10. a3 Bb7 11. Bd3 Nc5 12. Qf3 Be7 13. f5 e5 14. Nde2 d5 15. exd5 Rd8 16. Qg3 Nxd3 17. cxd3 Rg8 18. d4 Bd6 19. dxe5 Bxe5 20. Bf4 Bxf4 21. Nxf4 Kd7 22. Rac1 Qd6 23. Nd3 Qxg3 24. Nc5+ Kc7 25. hxg3 Kb6 26. Nxb7 Kxb7 27. Rfe1 Rd7 28. Ne4 Nxe4 29. Rxe4 Rgd8 30. Rd1 Kb6 31. Red4 Kc5 32. b4+ Kd6 33. Rh4 Ke5 34. Rxh7 Kf6 35. g4 g6 36. Rf1 Kg5 37. fxg6 fxg6 38. Rxd7 Rxd7 39. Rd1 Kxg4 40. Kf2 Kf4 41. d6 Ke4 42. Kg3 Ke5 43. Kg4 Ke4 44. Kg5 Ke3 45. Kf6 1-0

[Event "Turkish Second League 2019"]
[Site "Konya"]
[Date "2019.07.26"]
[Round "7"]
[White "Shanava, Konstantine"]
[Black "Makaraci, Tunahan"]
[Result "0-1"]
[ECO "A03"]
[WhiteElo "2538"]
[BlackElo "1979"]
[Annotator "RC"]
[PlyCount "130"]
[EventDate "2019.07.22"]
[EventType "team-tourn"]
[EventCountry "TUR"]
[SourceTitle "playchess.com"]
[Source "ChessBase"]
[SourceQuality "1"]
[TimeControl "5400+30"]

1. g3 Nf6 2. Bg2 d5 3. d3 c6 4. f4 h5 5. Nf3 Bg4 6. Nbd2 Nbd7 7. h3 Bxf3 8. Nxf3 Qc7 9. c3 e6 10. Qc2 Bd6 11. e4 e5 12. f5 Qb6 13. Ng5 Bc5 14. Qe2 dxe4 15. dxe4 a5 16. Bf3 Rd8 17. Kf1 Be7 18. Kg2 Nc5 19. Be3 Qb5 20. c4 Qb4 21. Rad1 O-O 22. h4 Na4 23. Bc1 b5 24. Rxd8 Bxd8 25. Bxh5 bxc4 26. Rd1 Be7 27. Bd2 Qb5 28. Bc3 Bb4 29. Rc1 Bxc3 30. bxc3 Nc5 31. Rf1 Nd3 32. Kh3 a4 33. Bf3 a3 34. Qe3 Qb2 35. h5 Qxc3 36. Kh4 Qd4 37. Qd2 Rb8 38. Qa5 Qd8 39. Qa7 Nd7 40. Bg4 Rb2 41. Rh1 Rxa2 42. f6 gxf6 43. Nxf7 Kxf7 44. Bf5 N3c5 45. Rd1 Ke7 46. Kh3 Nd3 47. Rb1 N3c5 48. Rc1 Qh8 49. Bg4 Ne6 50. Rh1 Qh6 51. Qa4 Ng5+ 52. Kh4 Nxe4 53. Qxc4 Qg5+ 54. Kh3 Nf2+ 55. Kg2 Nxh1+ 56. Qxa2 Qxg4 57. Qxa3+ c5 58. Kxh1 Qxh5+ 59. Kg1 Qd1+ 60. Kh2 Qh5+ 61. Kg1 e4 62. Qc1 Qf3 63. Kh2 e3 64. Qc3 Qf2+ 65. Kh1 e2 0-1

[Event "Turkish Second League 2019"]
[Site "Konya"]
[Date "2019.07.26"]
[Round "7"]
[White "Baltag, Iulian"]
[Black "Ozsakallioglu, Okan"]
[Result "1-0"]
[ECO "E62"]
[WhiteElo "2398"]
[BlackElo "2243"]
[Annotator "NA"]
[PlyCount "71"]
[EventDate "2019.07.22"]
[EventType "team-tourn"]
[EventCountry "TUR"]
[SourceTitle "playchess.com"]
[Source "ChessBase"]
[SourceQuality "1"]
[TimeControl "5400+30"]

1. d4 Nf6 2. c4 g6 3. g3 Bg7 4. Bg2 O-O 5. Nc3 d6 6. Nf3 c6 7. O-O Qa5 8. e4 Qh5 9. Ng5 Qxd1 10. Rxd1 e5 11. d5 h6 12. Nf3 cxd5 13. cxd5 Bd7 14. Nd2 Rc8 15. Bf1 Na6 16. Nc4 Bf8 17. f3 Nc5 18. Be3 b5 19. Na5 b4 20. Ne2 Na4 21. Rd2 Rc7 22. Nc1 Rb8 23. Ncb3 Nb6 24. Rc1 Rbc8 25. Rxc7 Rxc7 26. Kf2 Ba4 27. Bd3 Kg7 28. Na1 Nbxd5 29. exd5 Nxd5 30. Bc2 Nxe3 31. Bxa4 Nf5 32. Nc6 Rb7 33. Nc2 a5 34. Rd5 Ne7 35. Nxe7 Bxe7 36. Rxa5 1-0

[Event "Turkish Second League 2019"]
[Site "Konya"]
[Date "2019.07.26"]
[Round "7"]
[White "Bashirli, Nail"]
[Black "Darban, Morteza"]
[Result "1-0"]
[ECO "B19"]
[WhiteElo "2367"]
[BlackElo "2282"]
[Annotator "NA"]
[PlyCount "99"]
[EventDate "2019.07.22"]
[EventType "team-tourn"]
[EventCountry "TUR"]
[SourceTitle "playchess.com"]
[Source "ChessBase"]
[SourceQuality "1"]
[TimeControl "5400+30"]

1. e4 c6 2. Nc3 d5 3. d4 dxe4 4. Nxe4 Bf5 5. Ng3 Bg6 6. h4 h6 7. Nf3 Nd7 8. h5 Bh7 9. Bd3 Bxd3 10. Qxd3 e6 11. Bd2 Ngf6 12. O-O-O Qc7 13. Ne4 O-O-O 14. g3 Nc5 15. Nxc5 Bxc5 16. Rh4 Bb6 17. Qb3 Rhe8 18. a3 Ba5 19. Bf4 Qb6 20. Qc4 Qb5 21. Qxb5 cxb5 22. Be5 Re7 23. Bxf6 gxf6 24. Rg4 Red7 25. c3 Rd5 26. Rg7 Rxh5 27. Rxf7 Rf5 28. Rd3 Rd7 29. Rxd7 Kxd7 30. Kd2 Kc6 31. Ke2 Bc7 32. Nd2 Bd6 33. Re3 Kd7 34. Ne4 Be7 35. Kf1 a5 36. Kg2 Rd5 37. b4 b6 38. f4 a4 39. Re1 h5 40. Kf3 Rf5 41. Nf2 Rd5 42. Rh1 Ke8 43. Nd1 e5 44. Rxh5 e4+ 45. Kg4 Rxh5 46. Kxh5 Kf7 47. Kg4 Ke6 48. Ne3 Bf8 49. d5+ Kd6 50. Kf5 1-0

[Event "Turkish Second League 2019"]
[Site "Konya"]
[Date "2019.07.26"]
[Round "7"]
[White "Garayev, Kanan"]
[Black "Yilmazyerli, Mert"]
[Result "1/2-1/2"]
[ECO "E12"]
[WhiteElo "2351"]
[BlackElo "2420"]
[Annotator "NA"]
[PlyCount "61"]
[EventDate "2019.07.22"]
[EventType "team-tourn"]
[EventCountry "TUR"]
[SourceTitle "playchess.com"]
[Source "ChessBase"]
[SourceQuality "1"]
[TimeControl "5400+30"]

1. d4 Nf6 2. Nf3 e6 3. c4 b6 4. a3 c6 5. Nc3 d5 6. cxd5 exd5 7. Bg5 Be7 8. e3 Bf5 9. Ne5 O-O 10. Bd3 Bxd3 11. Qxd3 Nfd7 12. Nxd7 Nxd7 13. Bxe7 Qxe7 14. O-O Nf6 15. Rac1 Qb7 16. e4 dxe4 17. Nxe4 Nxe4 18. Qxe4 Rad8 19. Qxc6 Qxc6 20. Rxc6 Rxd4 21. Rc7 Rd2 22. b4 a5 23. bxa5 bxa5 24. Rc5 Ra2 25. Rxa5 Rb8 26. g3 g6 27. a4 Rb4 28. Ra8+ Kg7 29. a5 Rba4 30. a6 Rxa6 31. Rxa6 1/2-1/2

[Event "Turkish Second League 2019"]
[Site "Konya"]
[Date "2019.07.26"]
[Round "7"]
[White "Isik, Alparslan"]
[Black "Metin, Mehmet"]
[Result "1/2-1/2"]
[ECO "E06"]
[WhiteElo "2293"]
[BlackElo "2150"]
[Annotator "NA"]
[PlyCount "152"]
[EventDate "2019.07.22"]
[EventType "team-tourn"]
[EventCountry "TUR"]
[SourceTitle "playchess.com"]
[Source "ChessBase"]
[SourceQuality "1"]
[TimeControl "5400+30"]

1. d4 d5 2. c4 e6 3. Nf3 Nf6 4. g3 Be7 5. Bg2 O-O 6. O-O c5 7. cxd5 exd5 8. Nc3 Nc6 9. dxc5 Bxc5 10. a3 a5 11. Bg5 d4 12. Nb5 Qb6 13. Qd3 a4 14. Bf4 Ra5 15. Nc7 Be7 16. Qc4 Bd8 17. Bd6 Bxc7 18. Bxf8 Be6 19. Qd3 Kxf8 20. Rfd1 Rd5 21. Qc2 Qb3 22. Qxb3 axb3 23. Rac1 Rd7 24. Nd2 Rd6 25. Nc4 Rd7 26. Nd2 Na5 27. Rc5 Ke7 28. Nf3 Ne4 29. Rb5 Bc4 30. Rb4 Bxe2 31. Rdxd4 Bxf3 32. Rxd7+ Kxd7 33. Bxf3 Nc5 34. Rd4+ Ke7 35. Be2 Be5 36. Rd5 Bd6 37. f4 Ke6 38. Rd4 Nc6 39. Bc4+ Ke7 40. Rd2 f5 41. Kg2 h6 42. h4 g6 43. Kf3 Ne4 44. Rd5 Nc5 45. h5 gxh5 46. Rd2 b6 47. Bd5 Kd7 48. Ke3 Ne7 49. Bf7 h4 50. gxh4 Kc6 51. Kf3 Ne4 52. Rd3 Nc5 53. Rd2 Kc7 54. h5 Nc6 55. Ke3 Ne4 56. Rg2 Bc5+ 57. Kd3 Nf2+ 58. Kc4 Nh3 59. Rg6 Nxf4 60. Rxh6 Ne5+ 61. Kxb3 Nxf7 62. Rh7 Nxh5 63. Rxf7+ Kc6 64. Rxf5 Ng3 65. Rf6+ Bd6 66. Rg6 Nf5 67. Kc4 b5+ 68. Kd3 Ne7 69. Rh6 Nc8 70. Rg6 Nb6 71. Kc3 Na4+ 72. Kb3 Nc5+ 73. Kb4 Nd3+ 74. Ka5 Nxb2 75. Rxd6+ Kxd6 76. Kxb5 Kd5 1/2-1/2

[Event "Turkish Second League 2019"]
[Site "Konya"]
[Date "2019.07.26"]
[Round "7"]
[White "Topak, Engin"]
[Black "Buyukasik, Diyap"]
[Result "1/2-1/2"]
[ECO "A29"]
[WhiteElo "2206"]
[BlackElo "2268"]
[Annotator "NA"]
[PlyCount "68"]
[EventDate "2019.07.22"]
[EventType "team-tourn"]
[EventCountry "TUR"]
[SourceTitle "playchess.com"]
[Source "ChessBase"]
[SourceQuality "1"]
[TimeControl "5400+30"]

1. c4 Nf6 2. Nc3 e5 3. g3 Nc6 4. Bg2 Bb4 5. Nf3 O-O 6. O-O d6 7. Ne1 Be6 8. Nd5 Bc5 9. Nc2 a5 10. e3 e4 11. Nxf6+ Qxf6 12. Bxe4 Bxc4 13. d3 Ba6 14. Re1 d5 15. Bg2 d4 16. Bxc6 dxe3 17. Bxe3 Bxe3 18. Qf3 Bxf2+ 19. Kxf2 Qxb2 20. Ba4 b5 21. Bb3 a4 22. d4 Bb7 23. Qd3 axb3 24. Qxb3 Qxb3 25. axb3 Bd5 26. b4 Bb3 27. Ne3 Rfd8 28. Rxa8 Rxa8 29. Rc1 Ra7 30. Rc5 Rb7 31. d5 Kf8 32. Nf5 g6 33. d6 c6 34. Nd4 Bd5 1/2-1/2

[Event "Turkish Second League 2019"]
[Site "Konya"]
[Date "2019.07.26"]
[Round "7"]
[White "Temizkan, Denizcan"]
[Black "Tofan, Ibrahim"]
[Result "0-1"]
[ECO "D12"]
[WhiteElo "2202"]
[BlackElo "2043"]
[Annotator "NA"]
[PlyCount "110"]
[EventDate "2019.07.22"]
[EventType "team-tourn"]
[EventCountry "TUR"]
[SourceTitle "playchess.com"]
[Source "ChessBase"]
[SourceQuality "1"]
[TimeControl "5400+30"]

1. d4 d5 2. c4 c6 3. e3 Nf6 4. Nf3 Bf5 5. Nc3 e6 6. Bd3 Bxd3 7. Qxd3 Nbd7 8. O-O Be7 9. Rd1 O-O 10. e4 dxe4 11. Nxe4 Qc7 12. Bg5 Rfe8 13. Bh4 Nxe4 14. Qxe4 Bxh4 15. Qxh4 Qd8 16. Qf4 Qe7 17. Re1 Rad8 18. Re3 Nf8 19. Rae1 Qf6 20. Qc7 Rd7 21. Qa5 a6 22. g3 Rc8 23. Ne5 Qd8 24. Qb4 a5 25. Qb3 Rxd4 26. Qxb7 Qc7 27. Qa6 Nd7 28. Nf3 Nc5 29. Qxc8+ Qxc8 30. Nxd4 Qa6 31. Rc1 g6 32. Nb3 Nd7 33. Nd2 Kg7 34. Nf3 h5 35. b3 Nf6 36. Ne5 c5 37. Rd1 a4 38. h3 axb3 39. axb3 Qa2 40. Nd7 Qc2 41. Rdd3 Ne4 42. Rxe4 Qxd3 43. Nxc5 Qd6 44. b4 e5 45. Re3 Qd4 46. Re4 Qa1+ 47. Kg2 f5 48. Re3 g5 49. b5 f4 50. Rb3 Qa8+ 51. Kh2 Qc8 52. Nd7 Qxd7 53. b6 Qd4 54. Kg2 Qxc4 55. Rb2 f3+ 0-1

[Event "Turkish Second League 2019"]
[Site "Konya"]
[Date "2019.07.26"]
[Round "7"]
[White "Kara, Yanki"]
[Black "Ozates, Tuna"]
[Result "0-1"]
[ECO "D47"]
[WhiteElo "2193"]
[BlackElo "2218"]
[Annotator "NA"]
[PlyCount "42"]
[EventDate "2019.07.22"]
[EventType "team-tourn"]
[EventCountry "TUR"]
[SourceTitle "playchess.com"]
[Source "ChessBase"]
[SourceQuality "1"]
[TimeControl "5400+30"]

1. d4 d5 2. Nf3 Nf6 3. c4 c6 4. Nc3 e6 5. e3 Nbd7 6. Bd3 dxc4 7. Bxc4 b5 8. Bd3 Bd6 9. e4 e5 10. Ne2 O-O 11. O-O a6 12. h3 c5 13. dxe5 Nxe5 14. Nxe5 Bxe5 15. f4 Bd4+ 16. Kh2 Bb7 17. Ng3 h5 18. e5 Ng4+ 19. Kh1 Qh4 20. Ne4 Bxe4 21. Bxe4 Qg3 0-1

[Event "Turkish Second League 2019"]
[Site "Konya"]
[Date "2019.07.26"]
[Round "7"]
[White "Demirbag, Alihan"]
[Black "Oztekin, Kerem Can"]
[Result "1/2-1/2"]
[ECO "B23"]
[WhiteElo "2087"]
[BlackElo "1933"]
[Annotator "NA"]
[PlyCount "60"]
[EventDate "2019.07.22"]
[EventType "team-tourn"]
[EventCountry "TUR"]
[SourceTitle "playchess.com"]
[Source "ChessBase"]
[SourceQuality "1"]
[TimeControl "5400+30"]

1. e4 c5 2. Nc3 a6 3. g3 b5 4. Bg2 Bb7 5. d3 e6 6. Nh3 b4 7. Ne2 d5 8. e5 Nc6 9. f4 f6 10. O-O Qc7 11. f5 fxe5 12. fxe6 O-O-O 13. Bg5 Be7 14. c3 Nf6 15. Rc1 h6 16. Bxf6 gxf6 17. cxb4 cxb4 18. Qb3 Qb6+ 19. Kh1 Kb8 20. Nhg1 Na5 21. Qa4 Bc6 22. Qd1 Bb7 23. Qa4 Bc6 24. Qd1 Bb7 25. Qa4 Bc6 26. Qd1 Bb7 27. Qa4 Bc6 28. Qd1 Bb7 29. Qa4 Bc6 30. Qd1 Bb7 1/2-1/2

[Event "Turkish Second League 2019"]
[Site "Konya"]
[Date "2019.07.26"]
[Round "7"]
[White "Duman, Aydin"]
[Black "Ozsakallioglu, Akin"]
[Result "1-0"]
[ECO "B52"]
[WhiteElo "2059"]
[BlackElo "1901"]
[Annotator "NA"]
[PlyCount "85"]
[EventDate "2019.07.22"]
[EventType "team-tourn"]
[EventCountry "TUR"]
[SourceTitle "playchess.com"]
[Source "ChessBase"]
[SourceQuality "1"]
[TimeControl "5400+30"]

1. e4 c5 2. Nf3 d6 3. Bb5+ Bd7 4. Bxd7+ Qxd7 5. O-O Nc6 6. c3 Nf6 7. d4 cxd4 8. cxd4 g6 9. Nc3 Bg7 10. Bg5 h6 11. Bh4 O-O 12. Qa4 g5 13. Bg3 Nh5 14. Rfd1 Nxg3 15. hxg3 Rfd8 16. Rac1 Nb8 17. d5 Qxa4 18. Nxa4 Na6 19. Nd4 Bxd4 20. Rxd4 Rac8 21. Rxc8 Rxc8 22. Nc3 Kf8 23. Kf1 Ke8 24. Ke2 Kd7 25. Rd1 Rh8 26. Rh1 Nc7 27. f4 f6 28. Nd1 Ne8 29. Ne3 Ng7 30. fxg5 fxg5 31. g4 e6 32. Rf1 Ke7 33. dxe6 Kxe6 34. Nd5 Ne8 35. Kd3 h5 36. gxh5 Rxh5 37. Rf8 Ng7 38. Kd4 Rh6 39. Rb8 Rh1 40. Rxb7 Rd1+ 41. Kc3 Ke5 42. Rxg7 Kxe4 43. Rxg5 1-0

[Event "Turkish Second League 2019"]
[Site "Konya"]
[Date "2019.07.26"]
[Round "7"]
[White "Ozdemir, Serhan Berat"]
[Black "Abdullahoglu, Diren Can"]
[Result "1-0"]
[ECO "B00"]
[WhiteElo "1985"]
[BlackElo "1889"]
[Annotator "NA"]
[PlyCount "99"]
[EventDate "2019.07.22"]
[EventType "team-tourn"]
[EventCountry "TUR"]
[SourceTitle "playchess.com"]
[Source "ChessBase"]
[SourceQuality "1"]
[TimeControl "5400+30"]

1. e4 c5 2. Nf3 e6 3. c3 b6 4. d4 Bb7 5. Bd3 Qc7 6. O-O g6 7. Re1 Bg7 8. e5 Ne7 9. Na3 a6 10. Bg5 Nc8 11. Nc4 b5 12. Ne3 h6 13. Bh4 g5 14. Bg3 c4 15. Bc2 Nb6 16. h4 gxh4 17. Nxh4 h5 18. Qe2 Kd8 19. Rad1 Bf8 20. d5 Kc8 21. Qf3 Bc5 22. Qf6 Qd8 23. dxe6 fxe6 24. Ng6 Rg8 25. Bh4 Qe8 26. b4 Bf8 27. a4 Kc7 28. a5 Nc8 29. Rd2 Bh6 30. g3 Bxe3 31. Rxe3 Nc6 32. Re1 Nd8 33. Red1 Bc6 34. Nf4 Qf7 35. Bg6 Qxf6 36. exf6 e5 37. f7 Nxf7 38. Bxf7 Rf8 39. Nd5+ Kb7 40. Bxh5 Rh8 41. Bf3 e4 42. Bxe4 Nd6 43. Bg2 Nf5 44. Ne7 Bxg2 45. Rxd7+ Kb8 46. Kxg2 Nxe7 47. Bxe7 Ra7 48. Rxa7 Kxa7 49. Rd7+ Kb8 50. Rd8+ 1-0